Map: [ESL] Hardwire

Players

Percival

  • Race: Terran Terran

ByuN - Winner!

  • Race: Terran Terran

Event: IEM Katowice 2022

VOD

Have the link to the VOD?

Description

Time

  • Played on: Feb. 23, 2022, 5:12 a.m.
  • Length: 11:29

All games in this series

Show
View Real Time Build Order
Export as new Build Order

Percival Terran 

Build Orders:  

Get SALT Encoding   

  12  0:00  SCV  
  13  0:12  SCV  
  14  0:16  Supply Depot  
  14  0:24  SCV  
  15  0:38  SCV  
  15  0:40  Barracks  
  16  0:42  Refinery  
  16  0:50  SCV  
  16  0:54  Refinery  
  17  1:02  SCV  
  18  1:14  SCV  
  19  1:26  Reaper  
  19  1:28  Orbital Command  
  19  1:30  Supply Depot  
  20  1:34  Supply Depot  
  20  1:48  Factory  
  20  1:54  SCV  
  21  1:58  Reaper  
  22  2:06  SCV  
  23  2:19  SCV  
  24  2:23  Command Center  
  24  2:31  Reaper  
  24  2:33  Hellion  
  24  2:35  SCV  
  28  2:38  Supply Depot  
  28  2:47  SCV  
  28  2:50  Starport  
  29  2:56  Hellion  
  31  3:02  SCV  
  31  3:04  Barracks Reactor  
  32  3:14  SCV  
  32  3:18  Factory Tech Lab  
  32  3:26  SCV  
  33  3:29  Starport Reactor  
  33  3:31  Starport Tech Lab  
  33  3:34  Orbital Command  
  33  3:35  Refinery  
  33  3:38  SCV  
  33  3:46  Cyclone  
  33  3:47  Marine x2  
  38  3:50  SCV  
  35  3:57  Raven  
  35  4:01  SCV  
  35  4:02  SCV  
  38  4:05  Marine x2  
  38  4:06  Supply Depot  
  40  4:13  SCV  
  40  4:14  SCV  
  40  4:20  Siege Tank  
  41  4:24  Marine x2  
  41  4:25  SCV  
  41  4:27  SCV  
  45  4:37  SCV  
  46  4:39  SCV  
  46  4:44  Raven, Marine  
  46  4:45  Marine  
  48  4:49  SCV  
  48  4:51  SCV  
  48  4:59  Siege Tank  
  50  5:01  SCV  
  50  5:02  Marine x2  
  50  5:03  SCV  
  50  5:06  Command Center  
  54  5:13  SCV  
  52  5:15  SCV  
  52  5:20  Marine  
  49  5:21  Marine  
  49  5:25  SCV  
  49  5:27  SCV  
  49  5:28  Raven  
  46  5:37  SCV  
  46  5:39  SCV  
  48  5:46  Marine  
  51  5:50  SCV, Siege Tank  
  51  5:51  SCV  
  52  6:02  SCV  
  52  6:03  SCV  
  54  6:08  Barracks  
  54  6:09  Barracks, Refinery  
  54  6:14  SCV  
  54  6:15  SCV  
  54  6:17  Stimpack  
  54  6:18  Marine  
  57  6:20  Orbital Command  
  55  6:25  Viking x2  
  55  6:32  SCV x2  
  61  6:36  Marine, Siege Tank  
  65  6:42  Orbital Command  
  65  6:43  Engineering Bay  
  65  6:44  SCV x2  
  65  6:45  Engineering Bay  
  67  6:53  Marine  
  68  6:56  SCV  
  68  6:58  Barracks Reactor x2  
  68  7:00  Viking x2  
  73  7:01  SCV  
  74  7:08  SCV  
  74  7:11  Marine  
  74  7:12  Barracks  
  74  7:13  Barracks  
  74  7:15  SCV  
  77  7:30  Supply Depot  
  77  7:31  SCV x3, Siege Tank, Terran Infantry Armor Level 1, Terran Infantry Weapons Level 1  
  77  7:32  Supply Depot  
  77  7:35  Marine  
  76  7:43  SCV x3  
  72  7:46  Marine  
  72  7:47  Marine x3  
  72  7:50  Medivac x2  
  77  7:55  SCV x2  
  77  7:56  SCV, Refinery  
  77  7:57  Refinery  
  80  8:00  Barracks Reactor x2  
  80  8:04  Marine x2  
  80  8:05  Marine x2  
  84  8:06  Marine  
  84  8:11  Sensor Tower  
  85  8:15  Supply Depot  
  85  8:17  Combat Shield  
  85  8:19  SCV  
  86  8:20  SCV  
  86  8:21  SCV  
  86  8:24  Supply Depot  
  82  8:31  SCV  
  82  8:32  SCV  
  82  8:33  SCV  
  76  8:40  Medivac x2  
  79  8:43  Marine  
  79  8:44  Marine x6  
  79  8:45  Marine  
  79  8:47  Siege Tank  
  90  8:50  Marine  
  90  8:53  SCV x3  
  94  9:01  Armory  
  94  9:05  SCV x3  
  94  9:09  Command Center  
  97  9:14  Marine  
  97  9:15  Marine x8  
  97  9:18  Viking  
  97  9:21  Viking  
  101  9:25  Siege Tank  
  104  9:35  Marine x8  
  113  9:41  Supply Depot x2  
  113  9:48  SCV x3  
  113  9:50  Factory  
  115  9:55  Barracks Reactor  
  113  10:03  Marine x8  
  113  10:07  Siege Tank  
  120  10:10  Viking  
  120  10:12  Viking  
  123  10:21  Marine x2  
  124  10:26  Marine  
  124  10:27  Marine x5  
  130  10:31  SCV x2  
  118  10:38  Marine  
  118  10:39  SCV, Marine, Siege Tank  
  95  10:43  SCV x2  
  95  10:44  Marine x2  
  95  10:45  Marine x4  
  95  10:49  Siege Tank  
  99  10:51  SCV  
  99  10:55  SCV x2  
  101  11:04  SCV, Marine x4  
  102  11:05  Marine x3  
  102  11:07  SCV, Marine  
  102  11:08  Marine  
  102  11:09  Marine  
  113  11:13  SCV  
  113  11:16  SCV  
Show
View Real Time Build Order
Export as new Build Order

ByuN Terran - Winner!

Build Orders:  

Get SALT Encoding   

  12  0:00  SCV  
  13  0:12  SCV  
  14  0:17  Supply Depot  
  14  0:24  SCV  
  15  0:38  SCV  
  15  0:39  Barracks  
  16  0:43  Refinery  
  16  0:50  SCV  
  16  0:53  Refinery  
  17  1:02  SCV  
  18  1:15  SCV  
  19  1:26  Reaper  
  19  1:27  Orbital Command  
  20  1:38  Supply Depot  
  20  1:42  Factory  
  20  1:53  SCV  
  21  1:58  Barracks Reactor  
  21  2:05  SCV  
  22  2:19  SCV  
  23  2:24  Command Center  
  23  2:28  Hellion  
  25  2:31  SCV  
  25  2:34  Reaper  
  25  2:36  Reaper  
  28  2:41  Supply Depot  
  28  2:43  SCV  
  29  2:52  Hellion  
  31  2:58  Starport  
  31  3:03  SCV  
  32  3:07  Reaper  
  32  3:08  Reaper  
  34  3:15  SCV  
  34  3:17  Hellion  
  37  3:24  Refinery  
  37  3:30  SCV  
  38  3:39  Reaper  
  38  3:40  Reaper  
  37  3:42  SCV  
  37  3:45  Factory Tech Lab, Medivac  
  38  3:51  Orbital Command  
  38  3:54  SCV  
  39  4:04  Cyclone  
  39  4:06  SCV  
  43  4:11  Marine  
  43  4:13  Marine  
  45  4:18  SCV  
  45  4:19  Starport Tech Lab  
  45  4:22  SCV  
  45  4:23  Supply Depot  
  47  4:29  Marine  
  47  4:30  SCV  
  47  4:31  Marine  
  49  4:34  SCV  
  54  4:38  Cyclone  
  54  4:44  SCV, Raven  
  57  4:46  SCV  
  57  4:47  Supply Depot  
  56  4:55  Marine x2  
  56  4:56  SCV  
  56  4:58  SCV  
  60  5:07  Supply Depot  
  60  5:08  SCV  
  60  5:10  SCV  
  60  5:11  Command Center  
  60  5:15  Marine  
  60  5:16  Marine  
  60  5:20  SCV  
  57  5:22  SCV  
  57  5:23  Siege Tank  
  61  5:33  SCV, Marine x2  
  61  5:34  SCV  
  65  5:42  Refinery  
  61  5:45  SCV  
  61  5:47  SCV  
  61  5:48  Raven  
  59  5:51  Marine x2  
  62  5:57  SCV  
  62  5:58  Barracks  
  62  5:59  SCV  
  62  6:00  Barracks, Siege Tank  
  66  6:09  Marine x2  
  66  6:10  SCV, Engineering Bay  
  66  6:11  SCV, Engineering Bay  
  70  6:22  SCV  
  70  6:25  SCV  
  73  6:27  Orbital Command  
  72  6:34  Barracks, SCV  
  72  6:35  Barracks  
  72  6:37  SCV, Viking x2, Marine  
  72  6:38  Stimpack  
  79  6:43  Siege Tank  
  79  6:46  SCV  
  83  6:49  SCV  
  83  6:50  Barracks Reactor  
  83  6:51  Barracks Reactor  
  84  6:57  SCV  
  84  6:59  SCV  
  84  7:00  Terran Infantry Weapons Level 1, Terran Infantry Armor Level 1  
  84  7:01  SCV, Marine  
  87  7:03  Supply Depot  
  87  7:05  Supply Depot  
  88  7:09  SCV  
  88  7:10  Viking  
  88  7:11  SCV  
  88  7:13  SCV  
  93  7:17  Viking  
  93  7:19  Supply Depot, Marine  
  93  7:21  SCV  
  95  7:23  SCV  
  95  7:25  Barracks Reactor x2  
  95  7:26  SCV  
  95  7:27  Siege Tank  
  100  7:30  Marine  
  100  7:32  Marine  
  100  7:33  SCV  
  100  7:35  SCV  
  98  7:37  Marine x2  
  98  7:38  SCV  
  97  7:44  Marine  
  97  7:45  SCV  
  97  7:47  SCV  
  97  7:48  Marine  
  97  7:49  Viking x2  
  97  7:50  SCV, Marine  
  97  7:51  Refinery x2  
  104  7:56  Marine x2  
  106  8:00  Armory  
  106  8:02  Marine x5  
  111  8:06  Marine  
  111  8:12  Command Center  
  112  8:15  Siege Tank  
  112  8:17  Combat Shield  
  115  8:23  Marine x3  
  117  8:28  Marine  
  117  8:29  Marine  
  117  8:30  Marine x2  
  117  8:31  Marine x2  
  108  8:41  SCV x2, Marine x2  
  107  8:42  SCV  
  107  8:45  Sensor Tower  
  107  8:47  Marine x3  
  107  8:48  Factory, Marine x2, Medivac, Siege Tank  
  119  8:49  Marine x2  
  119  8:51  Medivac  
  123  8:56  Terran Infantry Armor Level 2  
  123  8:57  Supply Depot  
  123  8:59  Marine  
  124  9:03  Terran Infantry Weapons Level 2  
  124  9:07  Marine  
  125  9:18  Supply Depot x2, Marine x6  
  125  9:19  Supply Depot, SCV x2  
  125  9:20  Marine, Medivac  
  125  9:21  Medivac  
  125  9:22  Supply Depot  
  138  9:25  Planetary Fortress  
  138  9:27  Marine x2  
  138  9:30  SCV  
  138  9:31  SCV x2  
  143  9:36  Marine  
  143  9:37  Marine  
  143  9:38  Marine x4  
  149  9:42  SCV, Refinery  
  149  9:43  SCV x2  
  149  9:45  Marine  
  153  9:46  Barracks Reactor  
  153  9:48  Supply Depot  
  153  9:50  Supply Depot  
  150  9:54  SCV  
  150  9:55  SCV x2  
  147  10:01  Marine  
  147  10:02  Marine x3  
  147  10:03  Marine x4  
  147  10:06  SCV  
  155  10:07  SCV  
  155  10:08  SCV, Refinery  
  155  10:10  Siege Tank  
  155  10:12  Siege Tank  
  163  10:18  SCV  
  163  10:19  SCV  
  163  10:20  SCV  
  166  10:22  Marine  
  166  10:23  Marine x5  
  172  10:29  Marine  
  172  10:30  SCV  
  172  10:31  SCV  
  157  10:39  Marine  
  157  10:40  Marine  
  157  10:41  Medivac  
  157  10:42  Marine x2  
  143  10:43  Siege Tank  
  143  10:44  Marine, Medivac  
  143  10:45  Marine  
  146  10:52  Command Center x2  
  146  10:56  Siege Tank  
  149  10:58  Marine x2  
  149  10:59  Marine  
  149  11:01  Marine  
  153  11:12  Command Center  

Tags
 
Add a new tag
Caveats
  • Supply blocks, unpowered buildings, or Contaminate may cause inaccurate times.
  • Supply counts are checked every 10 seconds.